[ AOE2 MATCH · #507167425 ]
UnrankedMagyars vs Aztecs
Player's team · WIN
Rival team · LOSS
[ REPLAY ANALYSIS · EXTRACTED FROM THE RECORDED GAME ]
Feudal
8:53
Castle
23:19
Imperial
37:33
| APM avg | 65.4 |
| APM peak | 116 |
| eAPM avg | 30.5 |
| Villagers / military | 230 / 109 |
Focus
⚔️ 31.3% · 🌾 68.7%
Cavalry Archer ×73 · Scout Cavalry ×12 · Knight ×8 · Skirmisher ×7 · Trebuchet (Packed) ×6 · Monk ×3
Feudal
13:40
Castle
22:11
Imperial
38:50
| APM avg | 34.9 |
| APM peak | 77 |
| eAPM avg | 17.6 |
| Villagers / military | 129 / 88 |
Focus
⚔️ 25.4% · 🌾 74.6%
Eagle Scout ×65 · Militia ×8 · Spearman ×7 · Monk ×4 · Skirmisher ×4
Match map
Initial resources + every placement click. Lines = walls · curves = elevation contours. ◆ gold · ⬟ stone · ● berries · ✦ relic · ◌ wall gap
Your base· ✓ Closed at 23:19 · 75t walls · 1 gate(s)
[NuMa] Angel_Brutal's base· ✓ Closed at 22:11 · 55t walls · 1 gate(s)
Smoothed initial terrain · ◌ = detected wall gap · hover for details
Inputs per minute
— SnowyP - - [NuMa] Angel_Brutal
Build order — SnowyP
First 150 of 553 actions detected
| 0:00 | Queue | Villager (Male) |
| 0:01 | Queue | Villager (Male) |
| 0:02 | Build | House |
| 0:03 | Build | House |
| 0:20 | Queue | Villager (Male) |
| 0:20 | Queue | Villager (Male) |
| 1:15 | Queue | Villager (Male) |
| 1:46 | Queue | Villager (Male) |
| 2:12 | Queue | Villager (Male) |
| 2:29 | Queue | Villager (Male) |
| 2:29 | Queue | Villager (Male) |
| 2:34 | Build | Lumber Camp |
| 2:59 | Queue | Villager (Male) |
| 3:08 | Build | House |
| 3:14 | Queue | Villager (Male) |
| 3:29 | Build | House |
| 3:33 | Queue | Villager (Male) |
| 3:45 | Queue | Villager (Male) |
| 4:13 | Queue | Villager (Male) |
| 4:14 | Queue | Villager (Male) |
| 4:14 | Queue | Villager (Male) |
| 5:09 | Queue | Villager (Male) |
| 5:16 | Queue | Villager (Male) |
| 5:19 | Queue | Villager (Male) |
| 5:27 | Research | Loom |
| 5:46 | Build | Mill |
| 6:39 | Build | Palisade Wall |
| 6:39 | Build | Palisade Wall |
| 6:43 | Research | Feudal Age |
| 6:43 | Research | Feudal Age |
| 6:45 | Build | Palisade Wall |
| 7:00 | Build | Palisade Wall |
| 7:00 | Queue | Villager (Male) |
| 7:16 | Queue | Villager (Male) |
| 7:21 | Queue | Villager (Male) |
| 7:42 | Build | Barracks |
| 7:47 | Build | House |
| 7:51 | Build | Palisade Wall |
| 7:56 | Queue | Villager (Male) |
| 8:01 | Build | Palisade Wall |
| 8:02 | Build | Palisade Wall |
| 8:02 | Queue | Villager (Male) |
| 8:05 | Build | Palisade Wall |
| 8:05 | Build | Palisade Wall |
| 8:06 | Queue | Villager (Male) |
| 8:20 | Build | House |
| 8:28 | Queue | Villager (Male) |
| 8:49 | Build | House |
| 8:53 | Age | Feudal Age |
| 8:55 | Build | Palisade Wall |
| 8:55 | Queue | Villager (Male) |
| 9:06 | Queue | Villager (Male) |
| 9:10 | Build | Palisade Wall |
| 9:15 | Build | Palisade Wall |
| 9:16 | Queue | Villager (Male) |
| 9:17 | Queue | Villager (Male) |
| 9:29 | Build | House |
| 9:30 | Queue | Villager (Male) |
| 9:34 | Queue | Villager (Male) |
| 9:47 | Research | Double-Bit Axe |
| 9:51 | Queue | Villager (Male) |
| 9:56 | Queue | Villager (Male) |
| 10:10 | Queue | Villager (Male) |
| 10:25 | Queue | Villager (Male) |
| 10:27 | Build | Stable |
| 10:29 | Queue | Villager (Male) |
| 10:35 | Queue | Villager (Male) |
| 10:38 | Queue | Villager (Male) |
| 10:40 | Queue | Villager (Male) |
| 10:44 | Queue | Villager (Male) |
| 10:46 | Queue | Villager (Male) |
| 10:59 | Queue | Villager (Male) |
| 11:07 | Queue | Villager (Male) |
| 11:12 | Build | House |
| 11:13 | Queue | Scout Cavalry |
| 11:13 | Queue | Scout Cavalry |
| 11:15 | Queue | Scout Cavalry |
| 11:16 | Queue | Villager (Male) |
| 11:34 | Queue | Villager (Male) |
| 11:42 | Build | House |
| 11:50 | Build | Palisade Gate |
| 11:54 | Queue | Villager (Male) |
| 12:08 | Build | Palisade Wall |
| 12:10 | Build | Farm |
| 12:15 | Queue | Villager (Male) |
| 12:17 | Build | Farm |
| 12:17 | Build | Farm |
| 12:17 | Build | Farm |
| 12:17 | Build | Farm |
| 12:18 | Build | Farm |
| 12:18 | Build | Farm |
| 12:19 | Queue | Villager (Male) |
| 12:39 | Queue | Villager (Male) |
| 12:46 | Build | Farm |
| 12:47 | Queue | Villager (Male) |
| 13:02 | Queue | Scout Cavalry |
| 13:02 | Queue | Scout Cavalry |
| 13:18 | Queue | Villager (Male) |
| 13:18 | Queue | Villager (Male) |
| 13:21 | Queue | Scout Cavalry |
| 13:22 | Queue | Scout Cavalry |
| 13:26 | Queue | Villager (Male) |
| 13:28 | Build | Farm |
| 13:42 | Build | Farm |
| 13:52 | Queue | Villager (Male) |
| 13:52 | Queue | Scout Cavalry |
| 13:53 | Queue | Scout Cavalry |
| 14:03 | Queue | Villager (Male) |
| 14:03 | Queue | Villager (Male) |
| 14:13 | Build | Mining Camp |
| 14:14 | Queue | Villager (Male) |
| 14:21 | Queue | Villager (Male) |
| 14:24 | Build | House |
| 14:31 | Queue | Villager (Male) |
| 14:35 | Build | Archery Range |
| 14:36 | Queue | Villager (Male) |
| 14:39 | Build | Palisade Wall |
| 14:39 | Queue | Villager (Male) |
| 14:46 | Queue | Scout Cavalry |
| 14:46 | Queue | Scout Cavalry |
| 14:50 | Build | Farm |
| 15:01 | Queue | Villager (Male) |
| 15:10 | Build | Palisade Wall |
| 15:14 | Queue | Skirmisher |
| 15:15 | Queue | Skirmisher |
| 15:15 | Queue | Skirmisher |
| 15:28 | Queue | Villager (Male) |
| 15:45 | Queue | Villager (Male) |
| 15:55 | Research | Horse Collar |
| 15:55 | Queue | Villager (Male) |
| 16:00 | Queue | Villager (Male) |
| 16:04 | Build | Palisade Wall |
| 16:11 | Build | Palisade Wall |
| 16:11 | Queue | Villager (Male) |
| 16:19 | Queue | Skirmisher |
| 16:19 | Queue | Skirmisher |
| 16:25 | Build | House |
| 16:28 | Research | Wheelbarrow |
| 16:36 | Queue | Villager (Male) |
| 16:52 | Build | Palisade Wall |
| 16:53 | Build | Palisade Wall |
| 16:53 | Queue | Villager (Male) |
| 16:58 | Build | Palisade Wall |
| 17:04 | Queue | Villager (Male) |
| 17:13 | Queue | Skirmisher |
| 17:15 | Build | Blacksmith |
| 17:18 | Queue | Villager (Male) |
| 17:24 | Queue | Villager (Male) |
| 17:25 | Queue | Skirmisher |
| 17:26 | Queue | Villager (Male) |
Build order — [NuMa] Angel_Brutal
First 150 of 365 actions detected
| 0:01 | Queue | Villager (Male) |
| 0:01 | Queue | Villager (Male) |
| 0:02 | Build | House |
| 0:04 | Build | House |
| 0:16 | Queue | Villager (Male) |
| 0:16 | Queue | Villager (Male) |
| 1:23 | Queue | Villager (Male) |
| 1:45 | Build | Lumber Camp |
| 1:54 | Queue | Villager (Male) |
| 1:54 | Queue | Villager (Male) |
| 2:26 | Queue | Villager (Male) |
| 2:26 | Queue | Villager (Male) |
| 2:48 | Queue | Villager (Male) |
| 3:08 | Queue | Villager (Male) |
| 3:37 | Queue | Villager (Male) |
| 3:37 | Queue | Villager (Male) |
| 3:50 | Build | House |
| 4:00 | Queue | Villager (Male) |
| 4:30 | Queue | Villager (Male) |
| 4:37 | Build | Barracks |
| 4:51 | Queue | Villager (Male) |
| 4:51 | Queue | Villager (Male) |
| 5:23 | Build | House |
| 5:30 | Queue | Militia |
| 5:30 | Queue | Militia |
| 5:30 | Queue | Militia |
| 5:55 | Queue | Villager (Male) |
| 5:56 | Queue | Militia |
| 5:56 | Queue | Militia |
| 6:21 | Queue | Villager (Male) |
| 6:23 | Queue | Militia |
| 6:46 | Queue | Villager (Male) |
| 6:48 | Build | House |
| 7:09 | Queue | Villager (Male) |
| 7:22 | Build | Mill |
| 7:45 | Queue | Militia |
| 7:45 | Queue | Militia |
| 7:59 | Build | House |
| 8:01 | Queue | Villager (Male) |
| 8:01 | Queue | Villager (Male) |
| 8:38 | Queue | Villager (Male) |
| 8:41 | Build | House |
| 8:43 | Build | Palisade Wall |
| 9:03 | Queue | Villager (Male) |
| 9:23 | Queue | Villager (Male) |
| 9:29 | Build | Palisade Wall |
| 9:45 | Queue | Villager (Male) |
| 9:49 | Build | Mining Camp |
| 9:55 | Build | Palisade Wall |
| 9:57 | Queue | Villager (Male) |
| 10:08 | Build | Farm |
| 10:18 | Build | Farm |
| 10:32 | Queue | Villager (Male) |
| 10:53 | Build | Palisade Wall |
| 11:01 | Research | Feudal Age |
| 11:05 | Research | Loom |
| 11:06 | Research | Feudal Age |
| 11:19 | Build | Lumber Camp |
| 11:44 | Queue | Villager (Male) |
| 11:50 | Build | House |
| 11:50 | Build | Palisade Wall |
| 12:42 | Build | Palisade Wall |
| 13:37 | Build | Palisade Gate |
| 13:40 | Age | Feudal Age |
| 13:44 | Queue | Villager (Male) |
| 13:48 | Build | Market |
| 13:51 | Build | Blacksmith |
| 14:06 | Queue | Spearman |
| 14:06 | Queue | Spearman |
| 14:24 | Research | Double-Bit Axe |
| 14:28 | Queue | Spearman |
| 14:32 | Queue | Villager (Male) |
| 14:58 | Queue | Villager (Male) |
| 14:59 | Queue | Villager (Male) |
| 15:09 | Queue | Villager (Male) |
| 15:16 | Build | Archery Range |
| 15:23 | Queue | Spearman |
| 15:24 | Queue | Villager (Male) |
| 15:31 | Queue | Villager (Male) |
| 15:37 | Build | Farm |
| 15:43 | Research | Horse Collar |
| 16:25 | Build | Farm |
| 16:36 | Build | Farm |
| 16:44 | Build | Farm |
| 16:53 | Queue | Villager (Male) |
| 17:20 | Queue | Skirmisher |
| 17:20 | Queue | Skirmisher |
| 17:27 | Build | Mining Camp |
| 17:42 | Queue | Skirmisher |
| 17:42 | Queue | Skirmisher |
| 17:51 | Build | Mining Camp |
| 17:56 | Build | House |
| 18:01 | Build | House |
| 18:08 | Build | House |
| 18:18 | Build | House |
| 18:22 | Build | House |
| 18:28 | Build | House |
| 18:48 | Build | House |
| 18:59 | Build | Farm |
| 19:01 | Build | Farm |
| 19:31 | Research | Castle Age |
| 19:37 | Queue | Eagle Scout |
| 19:38 | Queue | Eagle Scout |
| 19:59 | Build | Farm |
| 20:07 | Build | Barracks |
| 20:12 | Build | Stone Wall |
| 20:16 | Build | Farm |
| 20:31 | Queue | Eagle Scout |
| 20:31 | Queue | Eagle Scout |
| 20:40 | Build | Barracks |
| 20:45 | Research | Scale Mail Armor |
| 20:52 | Build | Farm |
| 20:59 | Build | Farm |
| 21:08 | Queue | Eagle Scout |
| 21:08 | Queue | Eagle Scout |
| 21:34 | Queue | Eagle Scout |
| 21:41 | Queue | Eagle Scout |
| 21:42 | Queue | Eagle Scout |
| 22:11 | Age | Castle Age |
| 22:34 | Research | Eagle Warrior (upgrade) |
| 22:40 | Queue | Villager (Male) |
| 22:51 | Build | Town Center |
| 23:11 | Research | Squires |
| 23:15 | Queue | Villager (Male) |
| 23:34 | Queue | Villager (Male) |
| 23:44 | Queue | Villager (Male) |
| 23:54 | Build | Monastery |
| 23:56 | Queue | Villager (Male) |
| 24:07 | Queue | Villager (Male) |
| 24:17 | Research | Bow Saw |
| 24:24 | Queue | Villager (Male) |
| 24:27 | Build | Farm |
| 24:36 | Queue | Monk |
| 24:37 | Queue | Monk |
| 24:44 | Build | Watch Tower |
| 24:45 | Queue | Villager (Male) |
| 24:46 | Queue | Villager (Male) |
| 24:53 | Build | Watch Tower |
| 25:00 | Build | Watch Tower |
| 25:00 | Queue | Villager (Male) |
| 25:07 | Build | Watch Tower |
| 25:34 | Research | Fletching |
| 25:36 | Queue | Villager (Male) |
| 25:46 | Queue | Villager (Male) |
| 25:47 | Queue | Villager (Male) |
| 26:03 | Build | Farm |
| 26:20 | Queue | Villager (Male) |
| 26:21 | Queue | Villager (Male) |
| 26:23 | Build | Farm |
| 26:28 | Queue | Monk |
Match timeline
| 4:37 | [NuMa] Angel_Brutal · first_building Barracks |
| 6:39 | SnowyP · wall_segment Palisade Wall x1 |
| 6:39 | SnowyP · wall_segment Palisade Wall x1 |
| 6:45 | SnowyP · wall_segment Palisade Wall x1 |
| 7:00 | SnowyP · wall_segment Palisade Wall x1 |
| 7:42 | SnowyP · first_building Barracks |
| 7:51 | SnowyP · wall_segment Palisade Wall x3 |
| 8:01 | SnowyP · wall_segment Palisade Wall x3 |
| 8:02 | SnowyP · wall_segment Palisade Wall x1 |
| 8:05 | SnowyP · wall_segment Palisade Wall x1 |
| 8:05 | SnowyP · wall_segment Palisade Wall x1 |
| 8:43 | [NuMa] Angel_Brutal · wall_segment Palisade Wall x10 |
| 8:53 | SnowyP · age_up feudal |
| 8:55 | SnowyP · wall_segment Palisade Wall x1 |
| 9:10 | SnowyP · wall_segment Palisade Wall x1 |
| 9:15 | SnowyP · wall_segment Palisade Wall x1 |
| 9:29 | [NuMa] Angel_Brutal · wall_segment Palisade Wall x2 |
| 9:55 | [NuMa] Angel_Brutal · wall_segment Palisade Wall x15 |
| 10:27 | SnowyP · first_building Stable |
| 10:53 | [NuMa] Angel_Brutal · wall_segment Palisade Wall x9 |
| 11:50 | [NuMa] Angel_Brutal · wall_segment Palisade Wall x1 |
| 12:08 | SnowyP · wall_segment Palisade Wall x1 |
| 12:42 | [NuMa] Angel_Brutal · wall_segment Palisade Wall x15 |
| 13:40 | [NuMa] Angel_Brutal · age_up feudal |
| 14:35 | SnowyP · first_building Archery Range |
| 14:39 | SnowyP · wall_segment Palisade Wall x1 |
| 14:57 | [NuMa] Angel_Brutal · first_market_buy 500 food |
| 15:10 | SnowyP · wall_segment Palisade Wall x10 |
| 15:16 | [NuMa] Angel_Brutal · first_building Archery Range |
| 16:04 | SnowyP · wall_segment Palisade Wall x8 |
| 16:11 | SnowyP · wall_segment Palisade Wall x15 |
| 16:49 | [NuMa] Angel_Brutal · first_market_sell 100 stone |
| 16:52 | SnowyP · wall_segment Palisade Wall x9 |
| 16:53 | SnowyP · wall_segment Palisade Wall x9 |
| 16:58 | SnowyP · wall_segment Palisade Wall x10 |
| 20:12 | [NuMa] Angel_Brutal · wall_segment Stone Wall x3 |
| 20:39 | SnowyP · first_market_buy 100 food |
| 22:11 | [NuMa] Angel_Brutal · age_up castle |
| 23:19 | SnowyP · age_up castle |
| 23:54 | [NuMa] Angel_Brutal · first_building Monastery |
| 27:05 | SnowyP · first_building Monastery |
| 33:49 | SnowyP · first_market_sell 100 wood |
| 34:32 | SnowyP · first_building Castle |
| 37:33 | SnowyP · age_up imperial |
| 38:50 | [NuMa] Angel_Brutal · age_up imperial |
| 39:44 | [NuMa] Angel_Brutal · first_building Castle |
| 44:41 | [NuMa] Angel_Brutal · resign |
[ AI ANALYSIS · 1 CREDIT ]
What really happened in this match?
Wolo.gg analyzes every decision: build order, eco, micro, common mistakes by bracket. Personalized analysis on WhatsApp or Discord in 30 seconds.
Civ guide
Magyars
Perfil
Jugador #1030929